 Dungeon Crawl Stone Soup version 0.24-a0-715-g0b739ee41d (webtiles) character file.

Game seed: 3297509380754840378, levelgen mode: deterministic

86 Mame the Digger (level 4, -2/24 HPs)
             Began as a Gargoyle Earth Elementalist on Sept 30, 2019.
             Slain by Gall2222's ghost (4 damage)
             ... on level 3 of the Dungeon.
             The game lasted 00:07:22 (2614 turns).

Mame the Digger (Gargoyle Earth Elementalist)       Turns: 2614, Time: 00:07:22

Health: -2/24      AC:  5    Str: 12    XL:     4   Next: 50%
Magic:  1/8        EV: 12    Int: 16    God:
Gold:   184        SH:  0    Dex: 10    Spells: 8/9 levels left

rFire    . . .     SeeInvis .   q - +0 hand axe
rCold    . . .     Gourm    .   (no shield)
rNeg     + . .     Faith    .   c - +0 robe
rPois    ∞         Spirit   .   (no helmet)
rElec    +         Reflect  .   (no cloak)
rCorr    .         Harm     .   (no gloves)
MR       .....                  (no boots)
Stlth    ++........             (no amulet)
HPRegen  0.08/turn              (no ring)
MPRegen  0.11/turn              (no ring)

@: no status effects
A: negative energy resistance 1, electricity resistance, unbreathing,
petrification resistance, rot immunity, AC +3
a: no special abilities


You were on level 3 of the Dungeon.
You were hungry.

You visited 1 branch of the dungeon, and saw 3 of its levels.

You collected 184 gold pieces.

Inventory:

Hand Weapons
 g - a +0 club
 q - a +0 hand axe (weapon)
Missiles
 b - 12 stones (quivered)
Armour
 c - a +0 robe (worn)
 k - a +0 leather armour
Jewellery
 l - an uncursed amulet of the gourmand {unknown}
Scrolls
 f - 2 scrolls of identify {unknown}
 h - 2 scrolls of teleportation {unknown}
 i - 3 scrolls of remove curse {unknown}
 m - a scroll of amnesia {unknown}
Potions
 a - a potion of heal wounds {unknown}
 e - a potion of cancellation {unknown}
 j - 2 potions of brilliance {unknown}
 n - 3 potions of lignification {unknown}
 p - a potion of flight {unknown}
Comestibles
 d - 8 rations


   Skills:
 - Level 1.5 Dodging
 - Level 2.1 Stealth
 + Level 3.3 Spellcasting
   Level 0.7 Transmutations
 + Level 5.1 Earth Magic


You had 8 spell levels left.
You knew the following spells:

 Your Spells              Type           Power        Failure   Level  Hunger
a - Sandblast             Erth           ###...       2%          1    None

Your spell library contained the following spells:

 Spells                   Type           Power        Failure   Level  Hunger
 Passwall                 Tmut/Erth      ##......     9%          2    ##.....
 Stone Arrow              Conj/Erth      ##....       19%         3    ###....
 Petrify                  Tmut/Erth      ##......     50%         4    ####...
 Lee's Rapid Deconstruct  Erth           ###.......   52%         5    ######.


Dungeon Overview and Level Annotations

Branches:
Dungeon (3/15)

Altars:

Annotations:
D:3 Gall2222's ghost, amateur KoAK


Innate Abilities, Weirdness & Mutations

You are resistant to torment.
Your stone body is resilient. (AC +3)
You are immune to poison.
You resist negative energy. (rN+)
You are resistant to electric shocks. (rElec)
You can survive without breathing.
You are immune to petrification.
You are immune to rotting.


Message History

* * * LOW HITPOINT WARNING * * *
Casting: Sandblast (safe; 2% risk of failure)
Confirm with . or Enter, or press ? or * to list all spells.
Aiming: Sandblast (safe; 2% risk of failure)
Press: ? - help, Shift-Dir - straight line, f/p - Gall2222's ghost
Aim: Gall2222's ghost, wielding a weapon of venom (severely damaged)
The blast of sand hits Gall2222's ghost but does no damage.
Gall2222's ghost is severely damaged.
b - 13 stones Gall2222's ghost hits you but does no damage.
Casting: Sandblast (safe; 2% risk of failure)
Confirm with . or Enter, or press ? or * to list all spells.
Aiming: Sandblast (safe; 2% risk of failure)
Press: ? - help, Shift-Dir - straight line, f/p - Gall2222's ghost
Aim: Gall2222's ghost, wielding a weapon of venom (severely damaged)
The blast of sand hits Gall2222's ghost.
Gall2222's ghost is almost destroyed.
b - 12 stones Gall2222's ghost hits you.
You die...

.........####(.#######
#..>....##...........############
##.....###.##..#####.##..........
##............#####.##.####..###
#.######.....<........# ##.## #.#
#.#...#####<#### ###..## #
#.######.##.#### #.# #...... #
#........##..W.# #.# ###''##
#####......##.##@###.# #..≈..§
>....................# #..⌠.#§≈
#####.....######.##### #≈#≈...§
#.....# #.# ##..[.≈# ###.### #.#
###.#≈# #.# #.# ####### #.# #.#
#.##### #.# #.###### #......
#.########......#####.#####


You could see Gall2222's ghost.

Vanquished Creatures
  3 adders (D:2)
  2 oozes (D:3)
  A worm (D:2)
  2 leopard geckos (D:2)
  2 giant cockroaches
  4 goblins
  7 hobgoblins
  6 jackals
  A quokka (D:3)
  9 bats
  3 frilled lizards
  A kobold (D:3)
  6 rats
47 creatures vanquished.

Notes
Turn   | Place    | Note
-------+----------+-------------------------------------------
     0 | D:1      | Mame the Gargoyle Earth Elementalist began the quest for
                  | the Orb.
     0 | D:1      | Reached XP level 1. HP: 10/10 MP: 3/3
   740 | D:2      | Reached XP level 2. HP: 15/15 MP: 3/5
   743 | D:2      | Reached skill level 4 in Earth Magic
   975 | D:2      | Reached XP level 3. HP: 14/19 MP: 4/7
  1535 | D:3      | Found a large runed translucent door.
  1536 | D:3      | Found a large runed translucent door.
  1537 | D:3      | Noticed Gall2222's ghost (amateur KoAK)
  1566 | D:3      | Reached XP level 4. HP: 13/24 MP: 8/8
  2021 | D:3      | Reached skill level 5 in Earth Magic
  2589 | D:3      | HP: 1/24 [Gall2222's ghost (2)]
  2614 | D:3      | Slain by Gall2222's ghost

Levels and vault maps discovered:
D:1:      saegor_arrival_simple_a, layout_loops_ring, serial_bayou_lagoon_a
D:2:      layout_rooms
D:3:      layout_loops_ring, ebering_ghost_disaster_area, first_ration

Skill      XL: |  1  2  3  4 |
---------------+-------------+-----
Earth Magic    | 4 5 |  5.1
Spellcasting   | 3 |  3.3
Dodging        | |  1.5
Stealth        | |  2.1
Transmutations | |  0.7

Action                   |  1- 3 |  4- 6 || total
-------------------------+-------+-------++-------
Melee: Club              |    55 |    61 ||   116
       Unarmed           |     5 |       ||     5
       Hand axe          |       |    28 ||    28
 Cast: Sandblast         |    28 |    26 ||    54
 Stab: Sleeping          |     2 |     3 ||     5
  Eat: Chunk             |     2 |     3 ||     5
Armor: Robe              |    32 |    42 ||    74
Dodge: Dodged            |    60 |    77 ||   137

Table legend:
 A = Non-vault XP
 B = Vault XP
 C = Vault XP percentage of total XP
 D = Non-vault monster count
 E = Vault monster count
 F = Vault count percentage of total count
                 A         B        C        D         E       F
            +---------+---------+-------+---------+---------+-------
      Total |     124 |       0 |   0.0 |      47 |       0 |   0.0
            +---------+---------+-------+---------+---------+-------
        D:1 |       9 |       0 |   0.0 |       7 |       0 |   0.0
        D:2 |      71 |       0 |   0.0 |      20 |       0 |   0.0
        D:3 |      44 |       0 |   0.0 |      20 |       0 |   0.0
            +---------+---------+-------+---------+---------+-------
